Avalanches vs Oilers

Created - 12 novembre 2021 at 17:23

Goals
1 2 3 T
Avalanches 0 1 2 3
Oilers 1 0 1 2
Shots
1 2 3 T
Avalanches 9 6 19 34
Oilers 17 15 9 41

GoalsPenalties
1st period
1. Oilers , Mark Giordano 3 (Kevin Hayes 2, Tomas Tatar 4) at 1:31 (PP)
James Neal (COL) for High sticking (Minor) at 0:59
2nd period
2. Avalanches , Matt Dumba 2 (Alex Goligoski 8) at 1:03 (PP)
John Tavares (EDM) for Roughing (Minor) at 0:29
Adam Larsson (COL) for Holding (Minor) at 3:56
3rd period
3. Avalanches , Alex Goligoski 3 (Matt Dumba 5, Derek Ryan 2) at 0:22
4. Avalanches , Jake DeBrusk 6 (Boone Jenner 5, Pius Suter 3) at 6:33 (PP)
5. Oilers , Joe Pavelski 2 (Logan Couture 3, Keith Yandle 2) at 14:28
Ryan Pulock (EDM) for Tripping (Minor) at 6:07
Tyler Motte (EDM) for Tripping (Minor) at 12:21
Goalie Stats
Robin Lehner (COL), 39 saves from 41 shots - (0,951), W, 7-3-0, 60:00 minutes
Connor Hellebuyck (EDM), 31 saves from 34 shots - (0,912), L, 4-3-1, 59:07 minutes
3 StarsOfficial
1 - Matt Dumba (COL)
2 - Robin Lehner (COL)
3 - Alex Goligoski (COL)
Referees : Tom Chmielewski and Kendrick Nicholson
Linesman : Matt MacPherson and Andy McElman
Game Note
No Game Note
Finance
Level 1 -- Attendance: 4397 (87,94%) -- Ticket Income 395 730 $
Level 2 -- Attendance: 3514 (87,85%) -- Ticket Income 193 270 $
Level 3 -- Attendance: 3000 (100,00%) -- Ticket Income 105 000 $
Level 4 -- Attendance: 4000 (100,00%) -- Ticket Income 80 000 $
Luxury Box -- Attendance: 755 (75,50%) -- Ticket Income 143 450 $
Game was played at the Rogers Place.
Total Attendance: 15666 (92,15%)
Total Ticket Income: 917 450 $
Other Income: 449 550 $
Total Income: 1 367 000 $



Team Name Goals Shots Shots Attemp Shots Blocked PIM HIT PP PK FO%
Avalanches 33464124312 / 3 (67%)147%
Oilers 24184106111 / 2 (50%)253%

Avalanches
Player Name POS G A P +/- PIM HIT SHT SB MP PP MP PP SHT PK MP PK SHT FO% FOT
Adam LarssonD000-1212316:130:0000:3200% 0
Alex GalchenyukC/LW000-102208:070:0001:0900% 0
Alex GoligoskiD1121012225:431:3101:5200% 0
Boone JennerC/LW0110034120:011:3911:22048% 29
Craig SmithRW000-101106:580:0000:0000% 0
Derek RyanC/RW0111000115:160:0001:09045% 20
Eric StaalC000-100106:580:0000:00033% 12
Jake DeBruskLW/RW1010006018:041:3910:0000% 1
James NealLW/RW0000223016:590:0000:0000% 0
James van RiemsdykLW0000003019:071:2021:2200% 0
John MooreD000-1020016:110:0000:2900% 0
Josh MansonD0000043219:181:2821:2200% 0
Justin WilliamsRW0001010015:271:2000:00050% 2
Matt DumbaD1121023124:301:3130:4700% 0
Pavel ZachaC/LW0000050017:451:2000:00057% 30
Pius SuterC0110001118:391:3900:00050% 2
Robert HaggD0000061118:041:2800:0000% 0
Ryan DonatoC/LW0001012014:070:0000:0000% 2
Oilers
Player Name POS G A P +/- PIM HIT SHT SB MP PP MP PP SHT PK MP PK SHT FO% FOT
Alex IafalloC/LW0000002013:100:0001:0300% 0
Brian DumoulinD0000001315:070:0001:5800% 0
Casey CizikasC000002119:570:0001:56041% 17
Christian DvorakC/LW0000005013:220:0001:15060% 20
Joe PavelskiC/RW1011017017:191:0110:00052% 25
John TavaresC000-1201019:141:3000:00065% 23
Jordan EberleRW0001004017:381:0100:00050% 2
Justin FaulkD0001041122:100:0001:0800% 0
Keith YandleD0111012122:011:1810:0000% 0
Kevin HayesC/RW011-1002019:151:3000:0000% 0
Kevin LabancLW/RW000000108:010:0000:00050% 2
Logan CoutureC/LW0111001018:411:0101:03040% 5
Mark GiordanoD101-1003123:471:1821:5100% 0
Mike ReillyD0000000014:221:1300:0000% 0
Robby FabbriC/LW/RW000000208:010:0000:0000% 1
Ryan PulockD000-1212322:321:1321:0100% 0
Tomas TatarLW/RW011-1015019:151:3000:00033% 3
Tyler MotteC/LW/RW0000211013:060:0000:4100% 0

Avalanches

5 vs 5 Forward
Line #Left WingCenterRight WingPHYDFOFWanted %Time %Time Play
1James van RiemsdykPavel ZachaJake DeBrusk0233230%16:25
2Pius SuterBoone JennerJames Neal0233231%17:00
3Ryan DonatoDerek RyanJustin Williams0232426%14:07
4Alex GalchenyukEric StaalCraig Smith0231213%6:58
5 vs 5 Defense
Line #DefenseDefensePHYDFOFWanted %Time %Time Play
1Matt DumbaJosh Manson1133530%16:28
2Alex GoligoskiRobert Hagg1133530%16:36
3Adam LarssonJohn Moore3111829%15:42
4Matt DumbaAlex Goligoski1131211%5:44
Power Play Forward
Line #Left WingCenterRight WingPHYDFOFWanted %Time %Time Play
1James van RiemsdykPavel ZachaJustin Williams0146045%1:20
2Jake DeBruskBoone JennerPius Suter0144055%1:39
Power Play Defense
Line #DefenseDefensePHYDFOFWanted %Time %Time Play
1Matt DumbaAlex Goligoski0146051%1:31
2Josh MansonRobert Hagg0144049%1:28
Penalty Kill 4 Players Forward
Line #CenterWingPHYDFOFWanted %Time %Time Play
1Boone JennerJames van Riemsdyk0415054%1:22
2Derek RyanAlex Galchenyuk0415046%1:09
Penalty Kill 4 Players Defense
Line #DefenseDefensePHYDFOFWanted %Time %Time Play
1Matt DumbaAlex Goligoski1405546%1:09
2Adam LarssonJosh Manson1404554%1:22
Penalty Kill 3 Players
Line #WingPHYDFOFWanted %Time %Time PlayDefenseDefensePHYDFOFWanted %Time %Time Play
1Boone Jenner041500%0:00 Matt DumbaAlex Goligoski140500%0:00
2Derek Ryan041500%0:00 Adam LarssonJosh Manson140500%0:00
4 vs 4 Forward
Line #CenterWingPHYDFOFWanted %Time %Time Play
1Pavel ZachaJames van Riemsdyk023550%0:00
2Boone JennerPius Suter023450%0:00
4 vs 4 Defense
Line #DefensePHYDFOFWanted %Time %Time Play
1Matt DumbaAlex Goligoski023600%0:00
2Josh MansonRobert Hagg122400%0:00
Last Minutes Offensive
Left WingCenterRight WingDefenseDefense
James van RiemsdykPavel ZachaJake DeBruskMatt DumbaAlex Goligoski
Last Minutes Defensive
Left WingCenterRight WingDefenseDefense
Pavel ZachaBoone JennerDerek RyanMatt DumbaAlex Goligoski
Time
Total ForwardTotal DefenseLast Minutes OffensiveLast Minutes Defensive
60:00 60:00 0:000:00
Extra Forwards
Normal PowerPlayPenalty Kill
James van Riemsdyk, Pavel Zacha, Jake DeBruskJames van Riemsdyk, Jake DeBruskBoone Jenner
Extra Defensemen
Normal PowerPlayPenalty Kill
Matt Dumba, Alex Goligoski, Josh MansonAlex Goligoski, Adam LarssonAlex Goligoski
Penalty Shots
Pius Suter, James van Riemsdyk, Pavel Zacha, Alex Galchenyuk, James Neal
Goalie
Robin Lehner, Brian Elliott
Custom OT Lines Forwards
James van Riemsdyk, Pavel Zacha, Jake DeBrusk, Boone Jenner, Craig Smith, Eric Staal, Justin Williams, Pius Suter, Derek Ryan, James Neal
Custom OT Lines Defensemen
Matt Dumba, Alex Goligoski, Josh Manson, Adam Larsson, Robert Hagg
Scratches
Jarred Tinordi (Healthy), Nick Bjugstad (Healthy), Adin Hill (Healthy)

Oilers

5 vs 5 Forward
Line #Left WingCenterRight WingPHYDFOFWanted %Time %Time Play
1Tomas TatarJohn TavaresKevin Hayes0323233%17:45
2Logan CoutureJoe PavelskiJordan Eberle1223030%16:18
3Alex IafalloChristian DvorakTyler Motte0322222%12:07
4Kevin LabancCasey CizikasRobby Fabbri0411615%8:01
5 vs 5 Defense
Line #DefenseDefensePHYDFOFWanted %Time %Time Play
1Mark GiordanoRyan Pulock1223837%20:19
2Justin FaulkKeith Yandle0323838%20:43
3Brian DumoulinMike Reilly1222424%13:09
4Keith YandleJustin Faulk12200%0:00
Power Play Forward
Line #Left WingCenterRight WingPHYDFOFWanted %Time %Time Play
1Tomas TatarJohn TavaresKevin Hayes0325060%1:30
2Logan CoutureJoe PavelskiJordan Eberle0325040%1:01
Power Play Defense
Line #DefenseDefensePHYDFOFWanted %Time %Time Play
1Mark GiordanoKeith Yandle1225052%1:18
2Ryan PulockMike Reilly1225048%1:13
Penalty Kill 4 Players Forward
Line #CenterWingPHYDFOFWanted %Time %Time Play
1Casey CizikasTyler Motte1225065%1:56
2Logan CoutureAlex Iafallo1225035%1:03
Penalty Kill 4 Players Defense
Line #DefenseDefensePHYDFOFWanted %Time %Time Play
1Mark GiordanoBrian Dumoulin1225062%1:51
2Ryan PulockJustin Faulk1225038%1:08
Penalty Kill 3 Players
Line #WingPHYDFOFWanted %Time %Time PlayDefenseDefensePHYDFOFWanted %Time %Time Play
1Casey Cizikas122500%0:00 Mark GiordanoBrian Dumoulin122500%0:00
2Logan Couture122500%0:00 Justin FaulkRyan Pulock122500%0:00
4 vs 4 Forward
Line #CenterWingPHYDFOFWanted %Time %Time Play
1John TavaresLogan Couture122500%0:00
2Joe PavelskiKevin Hayes122500%0:00
4 vs 4 Defense
Line #DefensePHYDFOFWanted %Time %Time Play
1Mark GiordanoJustin Faulk122500%0:00
2Ryan PulockBrian Dumoulin122500%0:00
Last Minutes Offensive
Left WingCenterRight WingDefenseDefense
Logan CoutureJohn TavaresTomas TatarMark GiordanoJustin Faulk
Last Minutes Defensive
Left WingCenterRight WingDefenseDefense
Logan CoutureCasey CizikasTyler MotteMark GiordanoBrian Dumoulin
Time
Total ForwardTotal DefenseLast Minutes OffensiveLast Minutes Defensive
60:00 60:00 0:190:00
Extra Forwards
Normal PowerPlayPenalty Kill
John Tavares, Tomas Tatar, Tyler MotteKevin Hayes, Tomas TatarTyler Motte
Extra Defensemen
Normal PowerPlayPenalty Kill
Mark Giordano, Ryan Pulock, Brian DumoulinMark Giordano, Ryan PulockBrian Dumoulin
Penalty Shots
Tomas Tatar, John Tavares, Jordan Eberle, Logan Couture, Robby Fabbri
Goalie
Connor Hellebuyck, Craig Anderson
Custom OT Lines Forwards
Logan Couture, John Tavares, Kevin Hayes, Joe Pavelski, Christian Dvorak, Alex Iafallo, Tomas Tatar, Tyler Motte, Robby Fabbri, Jordan Eberle
Custom OT Lines Defensemen
Mark Giordano, Justin Faulk, Ryan Pulock, Brian Dumoulin, Mike Reilly
Scratches
Vinnie Hinostroza (Healthy), Devin Shore (Healthy), Anton Stralman (Healthy)


Play-by-Play

1st period


0:01 of 1st period - Pavel Zacha wins face-off versus John Tavares in neutral zone.
0:06 of 1st period - Mark Giordano is hit by Pavel Zacha and loses puck.
0:59 of 1st period - Minor Penalty to James Neal for High sticking.
1:00 of 1st period - Joe Pavelski wins face-off versus Derek Ryan in Avalanches zone.
1:17 of 1st period - Shot by Ryan Pulock.
1:17 of 1st period - Shot Misses the Net.
1:19 of 1st period - Shot by Mike Reilly.
1:19 of 1st period - Shot Blocked by Alex Goligoski.
1:21 of 1st period - Shot by Joe Pavelski.
1:21 of 1st period - Stopped by Robin Lehner without a rebound.
1:22 of 1st period - John Tavares wins face-off versus Boone Jenner in Avalanches zone.
1:31 of 1st period - Shot by Mark Giordano.
1:31 of 1st period - Goal by Mark Giordano - Avalanches : 0 - Oilers : 1.
1:32 of 1st period - Christian Dvorak wins face-off versus Boone Jenner in neutral zone.
1:37 of 1st period - Shot by Alex Iafallo.
1:37 of 1st period - Shot Misses the Net.
1:39 of 1st period - Shot by Christian Dvorak.
1:39 of 1st period - Deflect By Alex Iafallo.
1:39 of 1st period - Stopped by Robin Lehner without a rebound.
1:40 of 1st period - Jordan Eberle wins face-off versus Justin Williams in Avalanches zone.
1:47 of 1st period - Shot by Logan Couture.
1:47 of 1st period - Shot Misses the Net.
1:53 of 1st period - Justin Williams is hit by Joe Pavelski and loses puck.
2:01 of 1st period - Logan Couture is hit by Robert Hagg and loses puck.
2:20 of 1st period - Shot by Jordan Eberle.
2:20 of 1st period - Deflect By Joe Pavelski.
2:20 of 1st period - Shot Misses the Net.
2:33 of 1st period - Icing by Brian Dumoulin.
2:34 of 1st period - Boone Jenner wins face-off versus Joe Pavelski in Oilers zone.
3:37 of 1st period - Shot by Craig Smith.
3:37 of 1st period - Shot Misses the Net.
3:41 of 1st period - Shot by Craig Smith.
3:41 of 1st period - Stopped by Connor Hellebuyck with a rebound.
3:43 of 1st period - Shot by Josh Manson.
3:43 of 1st period - Stopped by Connor Hellebuyck without a rebound.
3:44 of 1st period - Casey Cizikas wins face-off versus Jake DeBrusk in Oilers zone.
3:53 of 1st period - Shot by Jake DeBrusk.
3:53 of 1st period - Stopped by Connor Hellebuyck without a rebound.
3:54 of 1st period - John Tavares wins face-off versus Eric Staal in Oilers zone.
3:54 of 1st period - John Tavares is hit by Alex Galchenyuk.
4:03 of 1st period - Off-side.
4:04 of 1st period - Casey Cizikas wins face-off versus Pavel Zacha in neutral zone.
4:04 of 1st period - Casey Cizikas is hit by Pavel Zacha.
4:12 of 1st period - Shot by Casey Cizikas.
4:12 of 1st period - Stopped by Robin Lehner without a rebound.
4:13 of 1st period - Boone Jenner wins face-off versus John Tavares in Avalanches zone.
4:53 of 1st period - Shot by Tomas Tatar.
4:53 of 1st period - Stopped by Robin Lehner without a rebound.
4:54 of 1st period - Kevin Labanc wins face-off versus Derek Ryan in Avalanches zone.
5:48 of 1st period - Icing by Adam Larsson.
5:49 of 1st period - Joe Pavelski wins face-off versus Pavel Zacha in Avalanches zone.
5:54 of 1st period - Shot by Jordan Eberle.
5:54 of 1st period - Stopped by Robin Lehner without a rebound.
5:55 of 1st period - Joe Pavelski wins face-off versus Pavel Zacha in Avalanches zone.
6:02 of 1st period - Shot by Joe Pavelski.
6:02 of 1st period - Shot Misses the Net.
6:04 of 1st period - Shot by Jordan Eberle.
6:04 of 1st period - Shot Misses the Net.
6:10 of 1st period - Shot by Joe Pavelski.
6:10 of 1st period - Stopped by Robin Lehner without a rebound.
6:11 of 1st period - Boone Jenner wins face-off versus Christian Dvorak in Avalanches zone.
6:11 of 1st period - Boone Jenner is hit by Tyler Motte.
6:18 of 1st period - Icing by Mike Reilly.
6:19 of 1st period - Christian Dvorak wins face-off versus Eric Staal in Oilers zone.
6:19 of 1st period - Christian Dvorak is hit by Craig Smith.
6:40 of 1st period - Shot by Christian Dvorak.
6:40 of 1st period - Shot Misses the Net.
6:42 of 1st period - Shot by Christian Dvorak.
6:42 of 1st period - Stopped by Robin Lehner without a rebound.
6:43 of 1st period - John Tavares wins face-off versus Pavel Zacha in Avalanches zone.
6:43 of 1st period - John Tavares is hit by John Moore.
7:13 of 1st period - Justin Faulk is hit by Pavel Zacha and loses puck.
7:55 of 1st period - Shot by Joe Pavelski.
7:55 of 1st period - Deflect By Jordan Eberle.
7:55 of 1st period - Stopped by Robin Lehner with a rebound.
7:58 of 1st period - Icing by Pavel Zacha.
7:59 of 1st period - Christian Dvorak wins face-off versus Pavel Zacha in Avalanches zone.
8:44 of 1st period - Icing by Brian Dumoulin.
8:45 of 1st period - Christian Dvorak wins face-off versus Boone Jenner in Oilers zone.
9:04 of 1st period - Joe Pavelski is hit by Boone Jenner and loses puck.
9:19 of 1st period - Shot by Jordan Eberle.
9:19 of 1st period - Shot Blocked by Robert Hagg.
9:51 of 1st period - Shot by John Tavares.
9:51 of 1st period - Shot Misses the Net.
9:53 of 1st period - Shot by John Tavares.
9:53 of 1st period - Shot Misses the Net.
9:55 of 1st period - Shot by Justin Faulk.
9:55 of 1st period - Stopped by Robin Lehner with a rebound.
9:57 of 1st period - Shot by Tomas Tatar.
9:57 of 1st period - Stopped by Robin Lehner without a rebound.
9:58 of 1st period - Casey Cizikas wins face-off versus Derek Ryan in Avalanches zone.
10:01 of 1st period - Shot by Robby Fabbri.
10:01 of 1st period - Stopped by Robin Lehner with a rebound.
10:09 of 1st period - Shot by Kevin Labanc.
10:09 of 1st period - Shot Misses the Net.
10:11 of 1st period - Shot by Kevin Labanc.
10:11 of 1st period - Stopped by Robin Lehner without a rebound.
10:12 of 1st period - Eric Staal wins face-off versus Tomas Tatar in Avalanches zone.
10:19 of 1st period - Shot by Alex Galchenyuk.
10:19 of 1st period - Stopped by Connor Hellebuyck without a rebound.
10:20 of 1st period - John Tavares wins face-off versus Derek Ryan in Oilers zone.
10:20 of 1st period - John Tavares is hit by Justin Williams.
10:28 of 1st period - Ryan Donato is hit by Keith Yandle and loses puck.
10:42 of 1st period - Tomas Tatar is hit by Josh Manson.
10:50 of 1st period - Shot by John Tavares.
10:50 of 1st period - Stopped by Robin Lehner without a rebound.
10:51 of 1st period - Joe Pavelski wins face-off versus Eric Staal in Avalanches zone.
11:49 of 1st period - Shot by James Neal.
11:49 of 1st period - Stopped by Connor Hellebuyck without a rebound.
11:50 of 1st period - Derek Ryan wins face-off versus Casey Cizikas in Oilers zone.
11:58 of 1st period - Icing by Justin Faulk.
11:59 of 1st period - Casey Cizikas wins face-off versus Boone Jenner in Oilers zone.
12:06 of 1st period - Shot by Kevin Labanc.
12:06 of 1st period - Shot Misses the Net.
12:08 of 1st period - Shot by Robby Fabbri.
12:08 of 1st period - Stopped by Robin Lehner without a rebound.
12:09 of 1st period - John Tavares wins face-off versus Derek Ryan in Avalanches zone.
12:24 of 1st period - Shot by Tomas Tatar.
12:24 of 1st period - Stopped by Robin Lehner without a rebound.
12:25 of 1st period - Casey Cizikas wins face-off versus Boone Jenner in Avalanches zone.
12:28 of 1st period - Shot by Robby Fabbri.
12:28 of 1st period - Shot Misses the Net.
13:34 of 1st period - Icing by Matt Dumba.
13:35 of 1st period - Pavel Zacha wins face-off versus John Tavares in Avalanches zone.
13:49 of 1st period - Tomas Tatar is hit by Matt Dumba and loses puck.
14:18 of 1st period - Shot by John Tavares.
14:18 of 1st period - Shot Misses the Net.
14:54 of 1st period - Shot by Tyler Motte.
14:54 of 1st period - Deflect By Christian Dvorak.
14:54 of 1st period - Shot Misses the Net.
14:56 of 1st period - Shot by Alex Iafallo.
14:56 of 1st period - Shot Misses the Net.
16:08 of 1st period - Shot by Boone Jenner.
16:08 of 1st period - Shot Misses the Net.
16:10 of 1st period - Shot by Robert Hagg.
16:10 of 1st period - Shot Hit the Post.
16:12 of 1st period - Shot by Alex Goligoski.
16:12 of 1st period - Stopped by Connor Hellebuyck without a rebound.
16:13 of 1st period - Eric Staal wins face-off versus Casey Cizikas in Oilers zone.
16:31 of 1st period - Icing by Robby Fabbri.
16:32 of 1st period - Pavel Zacha wins face-off versus Robby Fabbri in Oilers zone.
16:45 of 1st period - Shot by James van Riemsdyk.
16:45 of 1st period - Shot Blocked by Casey Cizikas.
16:49 of 1st period - Shot by James van Riemsdyk.
16:49 of 1st period - Shot Hit the Post.
16:51 of 1st period - Shot by Robert Hagg.
16:51 of 1st period - Shot Misses the Net.
16:55 of 1st period - Shot by Robert Hagg.
16:55 of 1st period - Shot Misses the Net.
16:57 of 1st period - Shot by Pavel Zacha.
16:57 of 1st period - Shot Misses the Net.
17:03 of 1st period - Shot by Jake DeBrusk.
17:03 of 1st period - Stopped by Connor Hellebuyck without a rebound.
17:04 of 1st period - Joe Pavelski wins face-off versus Boone Jenner in Oilers zone.
17:04 of 1st period - Joe Pavelski is hit by James Neal.
17:16 of 1st period - Icing by Josh Manson.
17:17 of 1st period - Boone Jenner wins face-off versus John Tavares in Avalanches zone.
17:17 of 1st period - Boone Jenner is hit by Tomas Tatar.
17:23 of 1st period - Shot by Brian Dumoulin.
17:23 of 1st period - Stopped by Robin Lehner without a rebound.
17:24 of 1st period - John Tavares wins face-off versus Derek Ryan in Avalanches zone.
17:30 of 1st period - Ryan Donato is hit by Justin Faulk and loses puck.
18:31 of 1st period - Shot by Adam Larsson.
18:31 of 1st period - Shot Blocked by Ryan Pulock.
18:33 of 1st period - Shot by Boone Jenner.
18:33 of 1st period - Shot Blocked by Ryan Pulock.
18:35 of 1st period - Shot by James Neal.
18:35 of 1st period - Stopped by Connor Hellebuyck without a rebound.
18:36 of 1st period - Pavel Zacha wins face-off versus Christian Dvorak in Oilers zone.
19:43 of 1st period - Shot by James Neal.
19:43 of 1st period - Stopped by Connor Hellebuyck without a rebound.
19:44 of 1st period - Joe Pavelski wins face-off versus Eric Staal in Oilers zone.
19:58 of 1st period - Icing by Mark Giordano.
19:59 of 1st period - Boone Jenner wins face-off versus Logan Couture in Oilers zone.
Goals for this period are 0 for Avalanches vs 1 for Oilers.
Shots for this period are 9 for Avalanches vs 17 for Oilers.

2nd period


0:01 of 2nd period - John Tavares wins face-off versus Pius Suter in neutral zone.
0:29 of 2nd period - Minor Penalty to John Tavares for Roughing.
0:30 of 2nd period - Pavel Zacha wins face-off versus Casey Cizikas in Oilers zone.
0:43 of 2nd period - Shot by Matt Dumba.
0:43 of 2nd period - Shot Misses the Net.
0:57 of 2nd period - Shot by Matt Dumba.
0:57 of 2nd period - Stopped by Connor Hellebuyck with a rebound.
0:59 of 2nd period - Shot by Alex Goligoski.
0:59 of 2nd period - Shot Misses the Net.
1:01 of 2nd period - Shot by Matt Dumba.
1:01 of 2nd period - Shot Blocked by Mark Giordano.
1:03 of 2nd period - Shot by Matt Dumba.
1:03 of 2nd period - Goal by Matt Dumba - Avalanches : 1 - Oilers : 1.
1:04 of 2nd period - Boone Jenner wins face-off versus Joe Pavelski in neutral zone.
1:11 of 2nd period - Shot by Pius Suter.
1:11 of 2nd period - Stopped by Connor Hellebuyck without a rebound.
1:12 of 2nd period - Boone Jenner wins face-off versus Joe Pavelski in Oilers zone.
1:33 of 2nd period - Shot by Adam Larsson.
1:33 of 2nd period - Stopped by Connor Hellebuyck without a rebound.
1:34 of 2nd period - Pavel Zacha wins face-off versus Tomas Tatar in Oilers zone.
1:54 of 2nd period - Mark Giordano is hit by Robert Hagg.
2:17 of 2nd period - John Tavares is hit by Robert Hagg and loses puck.
2:28 of 2nd period - Shot by Joe Pavelski.
2:28 of 2nd period - Stopped by Robin Lehner with a rebound.
2:30 of 2nd period - Shot by Keith Yandle.
2:30 of 2nd period - Shot Misses the Net.
2:32 of 2nd period - Shot by Joe Pavelski.
2:32 of 2nd period - Stopped by Robin Lehner without a rebound.
2:33 of 2nd period - Boone Jenner wins face-off versus Christian Dvorak in Avalanches zone.
2:35 of 2nd period - Icing by Pius Suter.
2:36 of 2nd period - Joe Pavelski wins face-off versus Boone Jenner in Avalanches zone.
2:37 of 2nd period - Shot by Logan Couture.
2:37 of 2nd period - Shot Hit the Post.
2:41 of 2nd period - Shot by Logan Couture.
2:41 of 2nd period - Stopped by Robin Lehner with a rebound.
2:59 of 2nd period - Shot by Joe Pavelski.
2:59 of 2nd period - Shot Misses the Net.
3:01 of 2nd period - Shot by Logan Couture.
3:01 of 2nd period - Shot Blocked by Boone Jenner.
3:14 of 2nd period - Joe Pavelski is hit by Matt Dumba and loses puck.
3:17 of 2nd period - Shot by Keith Yandle.
3:17 of 2nd period - Stopped by Robin Lehner without a rebound.
3:18 of 2nd period - Christian Dvorak wins face-off versus Ryan Donato in Avalanches zone.
3:43 of 2nd period - Shot by Alex Iafallo.
3:43 of 2nd period - Shot Misses the Net.
3:45 of 2nd period - Shot by Tyler Motte.
3:45 of 2nd period - Shot Blocked by Derek Ryan.
3:47 of 2nd period - Shot by Tyler Motte.
3:47 of 2nd period - Shot Blocked by Adam Larsson.
3:49 of 2nd period - Shot by Tyler Motte.
3:49 of 2nd period - Shot Misses the Net.
3:51 of 2nd period - Shot by Tyler Motte.
3:51 of 2nd period - Shot Blocked by Adam Larsson.
3:56 of 2nd period - Minor Penalty to Adam Larsson for Holding.
3:57 of 2nd period - Tomas Tatar wins face-off versus Boone Jenner in Avalanches zone.
4:18 of 2nd period - Shot by Tomas Tatar.
4:18 of 2nd period - Shot Misses the Net.
4:32 of 2nd period - Shot by Ryan Pulock.
4:32 of 2nd period - Stopped by Robin Lehner without a rebound.
4:33 of 2nd period - Derek Ryan wins face-off versus Joe Pavelski in Avalanches zone.
4:38 of 2nd period - Logan Couture is hit by Alex Galchenyuk and loses puck.
4:44 of 2nd period - Off-side.
4:45 of 2nd period - Joe Pavelski wins face-off versus Derek Ryan in neutral zone.
4:56 of 2nd period - Shot by Mark Giordano.
4:56 of 2nd period - Stopped by Robin Lehner without a rebound.
4:57 of 2nd period - Boone Jenner wins face-off versus John Tavares in Avalanches zone.
5:35 of 2nd period - Kevin Hayes is hit by Josh Manson and loses puck.
5:40 of 2nd period - Shot by Keith Yandle.
5:40 of 2nd period - Stopped by Robin Lehner without a rebound.
5:41 of 2nd period - Joe Pavelski wins face-off versus Derek Ryan in Avalanches zone.
5:42 of 2nd period - Shot by Ryan Pulock.
5:42 of 2nd period - Stopped by Robin Lehner without a rebound.
5:43 of 2nd period - Joe Pavelski wins face-off versus Boone Jenner in Avalanches zone.
6:05 of 2nd period - Icing by Brian Dumoulin.
6:06 of 2nd period - Christian Dvorak wins face-off versus Pavel Zacha in Oilers zone.
7:24 of 2nd period - Off-side.
7:25 of 2nd period - Derek Ryan wins face-off versus Joe Pavelski in neutral zone.
7:36 of 2nd period - Shot by Logan Couture.
7:36 of 2nd period - Shot Misses the Net.
8:06 of 2nd period - Shot by Mark Giordano.
8:06 of 2nd period - Shot Misses the Net.
8:08 of 2nd period - Shot by Joe Pavelski.
8:08 of 2nd period - Stopped by Robin Lehner without a rebound.
8:09 of 2nd period - John Tavares wins face-off versus Boone Jenner in Avalanches zone.
8:38 of 2nd period - Shot by Pius Suter.
8:38 of 2nd period - Shot Misses the Net.
8:59 of 2nd period - Icing by Justin Faulk.
9:00 of 2nd period - Pavel Zacha wins face-off versus John Tavares in Oilers zone.
9:27 of 2nd period - Pavel Zacha is hit by Justin Faulk and loses puck.
11:24 of 2nd period - Shot by James Neal.
11:24 of 2nd period - Shot Blocked by Ryan Pulock.
11:39 of 2nd period - Ryan Pulock is hit by Robert Hagg and loses puck.
11:49 of 2nd period - Off-side.
11:50 of 2nd period - Derek Ryan wins face-off versus Casey Cizikas in neutral zone.
12:30 of 2nd period - Icing by Mike Reilly.
12:31 of 2nd period - Pavel Zacha wins face-off versus Kevin Labanc in Oilers zone.
12:45 of 2nd period - Icing by Robert Hagg.
12:46 of 2nd period - Pavel Zacha wins face-off versus Christian Dvorak in Avalanches zone.
12:51 of 2nd period - Mark Giordano is hit by Pavel Zacha and loses puck.
13:12 of 2nd period - Shot by Christian Dvorak.
13:12 of 2nd period - Stopped by Robin Lehner without a rebound.
13:13 of 2nd period - Boone Jenner wins face-off versus Joe Pavelski in Avalanches zone.
13:28 of 2nd period - Shot by Jordan Eberle.
13:28 of 2nd period - Shot Blocked by Josh Manson.
13:34 of 2nd period - Shot by Jordan Eberle.
13:34 of 2nd period - Shot Blocked by Matt Dumba.
13:44 of 2nd period - Shot by Pius Suter.
13:44 of 2nd period - Shot Misses the Net.
13:53 of 2nd period - Brian Dumoulin is hit by Boone Jenner and loses puck.
14:21 of 2nd period - Shot by Tyler Motte.
14:21 of 2nd period - Shot Blocked by Josh Manson.
14:23 of 2nd period - Shot by Mark Giordano.
14:23 of 2nd period - Stopped by Robin Lehner without a rebound.
14:24 of 2nd period - Justin Williams wins face-off versus Casey Cizikas in Avalanches zone.
14:24 of 2nd period - Alex Goligoski is hit by Casey Cizikas and loses puck.
14:35 of 2nd period - Shot by Ryan Donato.
14:35 of 2nd period - Stopped by Connor Hellebuyck without a rebound.
14:36 of 2nd period - Pavel Zacha wins face-off versus John Tavares in Oilers zone.
14:43 of 2nd period - Shot by James van Riemsdyk.
14:43 of 2nd period - Stopped by Connor Hellebuyck without a rebound.
14:44 of 2nd period - Pavel Zacha wins face-off versus Joe Pavelski in Oilers zone.
15:26 of 2nd period - Shot by Logan Couture.
15:26 of 2nd period - Shot Misses the Net.
15:28 of 2nd period - Shot by Jordan Eberle.
15:28 of 2nd period - Stopped by Robin Lehner with a rebound.
16:03 of 2nd period - Shot by Tomas Tatar.
16:03 of 2nd period - Shot Blocked by Alex Goligoski.
16:09 of 2nd period - Shot by Tomas Tatar.
16:09 of 2nd period - Shot Misses the Net.
16:20 of 2nd period - Off-side.
16:21 of 2nd period - Derek Ryan wins face-off versus Christian Dvorak in neutral zone.
16:40 of 2nd period - Shot by Alex Iafallo.
16:40 of 2nd period - Deflect By Christian Dvorak.
16:40 of 2nd period - Stopped by Robin Lehner without a rebound.
16:41 of 2nd period - Casey Cizikas wins face-off versus Boone Jenner in Avalanches zone.
17:00 of 2nd period - Shot by Casey Cizikas.
17:00 of 2nd period - Shot Blocked by Pius Suter.
18:37 of 2nd period - Off-side.
18:38 of 2nd period - John Tavares wins face-off versus Eric Staal in neutral zone.
19:02 of 2nd period - Shot by John Tavares.
19:02 of 2nd period - Shot Misses the Net.
19:04 of 2nd period - Shot by Kevin Hayes.
19:04 of 2nd period - Stopped by Robin Lehner without a rebound.
19:05 of 2nd period - Christian Dvorak wins face-off versus Pavel Zacha in Avalanches zone.
19:20 of 2nd period - Icing by Tyler Motte.
19:21 of 2nd period - Derek Ryan wins face-off versus Christian Dvorak in Oilers zone.
19:28 of 2nd period - Shot by Ryan Donato.
19:28 of 2nd period - Shot Misses the Net.
19:54 of 2nd period - Shot by Christian Dvorak.
19:54 of 2nd period - Stopped by Robin Lehner without a rebound.
19:55 of 2nd period - John Tavares wins face-off versus Pavel Zacha in Avalanches zone.
Goals for this period are 1 for Avalanches vs 0 for Oilers.
Shots for this period are 6 for Avalanches vs 15 for Oilers.

3rd period


0:01 of 3rd period - Derek Ryan wins face-off versus John Tavares in neutral zone.
0:20 of 3rd period - Shot by Matt Dumba.
0:20 of 3rd period - Shot Misses the Net.
0:22 of 3rd period - Shot by Alex Goligoski.
0:22 of 3rd period - Goal by Alex Goligoski - Avalanches : 2 - Oilers : 1.
0:23 of 3rd period - Pavel Zacha wins face-off versus Joe Pavelski in neutral zone.
0:41 of 3rd period - Icing by Justin Faulk.
0:42 of 3rd period - Boone Jenner wins face-off versus Joe Pavelski in Oilers zone.
0:42 of 3rd period - Boone Jenner is hit by Justin Faulk.
2:07 of 3rd period - Shot by Tomas Tatar.
2:07 of 3rd period - Stopped by Robin Lehner without a rebound.
2:08 of 3rd period - Christian Dvorak wins face-off versus Derek Ryan in Avalanches zone.
2:28 of 3rd period - Shot by Ryan Donato.
2:28 of 3rd period - Stopped by Connor Hellebuyck without a rebound.
2:29 of 3rd period - Eric Staal wins face-off versus Casey Cizikas in Oilers zone.
2:50 of 3rd period - Icing by Josh Manson.
2:51 of 3rd period - Joe Pavelski wins face-off versus Eric Staal in Avalanches zone.
2:58 of 3rd period - Shot by Logan Couture.
2:58 of 3rd period - Deflect By Joe Pavelski.
2:58 of 3rd period - Stopped by Robin Lehner with a rebound.
3:18 of 3rd period - Shot by Eric Staal.
3:18 of 3rd period - Stopped by Connor Hellebuyck without a rebound.
3:19 of 3rd period - John Tavares wins face-off versus Boone Jenner in Oilers zone.
3:19 of 3rd period - John Tavares is hit by James Neal.
3:33 of 3rd period - Shot by Pius Suter.
3:33 of 3rd period - Shot Blocked by Brian Dumoulin.
3:35 of 3rd period - Shot by Robert Hagg.
3:35 of 3rd period - Stopped by Connor Hellebuyck without a rebound.
3:36 of 3rd period - Christian Dvorak wins face-off versus Pavel Zacha in Oilers zone.
3:36 of 3rd period - Christian Dvorak is hit by Pavel Zacha.
3:43 of 3rd period - Jake DeBrusk is hit by Ryan Pulock and loses puck.
3:53 of 3rd period - Icing by Mark Giordano.
3:54 of 3rd period - Christian Dvorak wins face-off versus Ryan Donato in Oilers zone.
3:59 of 3rd period - Shot by Christian Dvorak.
3:59 of 3rd period - Shot Misses the Net.
4:01 of 3rd period - Shot by Christian Dvorak.
4:01 of 3rd period - Stopped by Robin Lehner with a rebound.
4:03 of 3rd period - Shot by Alex Iafallo.
4:03 of 3rd period - Stopped by Robin Lehner with a rebound.
5:49 of 3rd period - Shot by Pius Suter.
5:49 of 3rd period - Shot Misses the Net.
5:51 of 3rd period - Shot by Adam Larsson.
5:51 of 3rd period - Stopped by Connor Hellebuyck without a rebound.
5:52 of 3rd period - Pavel Zacha wins face-off versus Casey Cizikas in Oilers zone.
5:55 of 3rd period - Shot by Jake DeBrusk.
5:55 of 3rd period - Stopped by Connor Hellebuyck without a rebound.
5:56 of 3rd period - Casey Cizikas wins face-off versus Pavel Zacha in Oilers zone.
6:07 of 3rd period - Minor Penalty to Ryan Pulock for Tripping.
6:08 of 3rd period - Logan Couture wins face-off versus Boone Jenner in Oilers zone.
6:08 of 3rd period - Logan Couture is hit by Boone Jenner.
6:31 of 3rd period - Shot by Boone Jenner.
6:31 of 3rd period - Stopped by Connor Hellebuyck with a rebound.
6:33 of 3rd period - Shot by Jake DeBrusk.
6:33 of 3rd period - Goal by Jake DeBrusk - Avalanches : 3 - Oilers : 1.
6:34 of 3rd period - Eric Staal wins face-off versus Jordan Eberle in neutral zone.
6:47 of 3rd period - Shot by Logan Couture.
6:47 of 3rd period - Shot Misses the Net.
6:49 of 3rd period - Shot by Logan Couture.
6:49 of 3rd period - Shot Misses the Net.
7:49 of 3rd period - Shot by Kevin Hayes.
7:49 of 3rd period - Stopped by Robin Lehner without a rebound.
7:50 of 3rd period - Pavel Zacha wins face-off versus Casey Cizikas in Avalanches zone.
8:11 of 3rd period - Shot by Pavel Zacha.
8:11 of 3rd period - Shot Misses the Net.
8:24 of 3rd period - Shot by Jake DeBrusk.
8:24 of 3rd period - Stopped by Connor Hellebuyck without a rebound.
8:25 of 3rd period - John Tavares wins face-off versus Boone Jenner in Oilers zone.
9:00 of 3rd period - Shot by Pius Suter.
9:00 of 3rd period - Shot Misses the Net.
9:45 of 3rd period - Icing by Kevin Hayes.
9:46 of 3rd period - John Tavares wins face-off versus Pavel Zacha in Oilers zone.
10:27 of 3rd period - Shot by Jake DeBrusk.
10:27 of 3rd period - Stopped by Connor Hellebuyck without a rebound.
10:28 of 3rd period - Derek Ryan wins face-off versus Joe Pavelski in Oilers zone.
10:31 of 3rd period - Shot by Derek Ryan.
10:31 of 3rd period - Shot Blocked by Brian Dumoulin.
10:40 of 3rd period - Icing by Joe Pavelski.
10:41 of 3rd period - Joe Pavelski wins face-off versus Eric Staal in Oilers zone.
11:15 of 3rd period - Shot by Craig Smith.
11:15 of 3rd period - Shot Misses the Net.
11:17 of 3rd period - Shot by Alex Galchenyuk.
11:17 of 3rd period - Stopped by Connor Hellebuyck without a rebound.
11:18 of 3rd period - Pavel Zacha wins face-off versus Christian Dvorak in Oilers zone.
11:18 of 3rd period - Jake DeBrusk is hit by Justin Faulk and loses puck.
11:25 of 3rd period - Shot by Tyler Motte.
11:25 of 3rd period - Stopped by Robin Lehner without a rebound.
11:26 of 3rd period - Boone Jenner wins face-off versus Casey Cizikas in Avalanches zone.
11:53 of 3rd period - Shot by Pius Suter.
11:53 of 3rd period - Deflect By James Neal.
11:53 of 3rd period - Shot Blocked by Keith Yandle.
11:55 of 3rd period - Shot by Boone Jenner.
11:55 of 3rd period - Stopped by Connor Hellebuyck without a rebound.
11:56 of 3rd period - Christian Dvorak wins face-off versus Pavel Zacha in Oilers zone.
12:21 of 3rd period - Minor Penalty to Tyler Motte for Tripping.
12:22 of 3rd period - Boone Jenner wins face-off versus Logan Couture in Oilers zone.
12:54 of 3rd period - Shot by Pius Suter.
12:54 of 3rd period - Shot Misses the Net.
13:10 of 3rd period - Shot by Pavel Zacha.
13:10 of 3rd period - Shot Blocked by Justin Faulk.
13:12 of 3rd period - Shot by Josh Manson.
13:12 of 3rd period - Shot Misses the Net.
13:14 of 3rd period - Shot by Robert Hagg.
13:14 of 3rd period - Shot Misses the Net.
13:16 of 3rd period - Shot by James van Riemsdyk.
13:16 of 3rd period - Stopped by Connor Hellebuyck with a rebound.
13:20 of 3rd period - Shot by James van Riemsdyk.
13:20 of 3rd period - Stopped by Connor Hellebuyck without a rebound.
13:21 of 3rd period - Logan Couture wins face-off versus Pavel Zacha in Oilers zone.
13:32 of 3rd period - Shot by Josh Manson.
13:32 of 3rd period - Stopped by Connor Hellebuyck with a rebound.
13:34 of 3rd period - Shot by Pavel Zacha.
13:34 of 3rd period - Shot Blocked by Brian Dumoulin.
13:36 of 3rd period - Shot by Josh Manson.
13:36 of 3rd period - Stopped by Connor Hellebuyck without a rebound.
13:37 of 3rd period - Pavel Zacha wins face-off versus Logan Couture in Oilers zone.
13:50 of 3rd period - Shot by Matt Dumba.
13:50 of 3rd period - Stopped by Connor Hellebuyck without a rebound.
13:51 of 3rd period - Christian Dvorak wins face-off versus Boone Jenner in Oilers zone.
14:23 of 3rd period - Icing by Pius Suter.
14:24 of 3rd period - Joe Pavelski wins face-off versus Eric Staal in Avalanches zone.
14:24 of 3rd period - Keith Yandle is hit by Adam Larsson.
14:26 of 3rd period - Shot by Logan Couture.
14:26 of 3rd period - Shot Misses the Net.
14:28 of 3rd period - Shot by Joe Pavelski.
14:28 of 3rd period - Goal by Joe Pavelski - Avalanches : 3 - Oilers : 2.
14:29 of 3rd period - Derek Ryan wins face-off versus Joe Pavelski in neutral zone.
14:55 of 3rd period - Jordan Eberle is hit by Alex Goligoski and loses puck.
15:30 of 3rd period - Shot by Tomas Tatar.
15:30 of 3rd period - Shot Misses the Net.
16:04 of 3rd period - Shot by Boone Jenner.
16:04 of 3rd period - Stopped by Connor Hellebuyck with a rebound.
16:21 of 3rd period - Christian Dvorak is hit by John Moore and loses puck.
16:27 of 3rd period - Icing by John Moore.
16:28 of 3rd period - Pius Suter wins face-off versus Casey Cizikas in Avalanches zone.
16:28 of 3rd period - Pius Suter is hit by Casey Cizikas.
16:49 of 3rd period - Shot by Boone Jenner.
16:49 of 3rd period - Stopped by Connor Hellebuyck without a rebound.
16:50 of 3rd period - Pavel Zacha wins face-off versus Christian Dvorak in Oilers zone.
17:26 of 3rd period - Keith Yandle is hit by Josh Manson and loses puck.
17:32 of 3rd period - Christian Dvorak is hit by Josh Manson.
17:56 of 3rd period - Off-side.
17:57 of 3rd period - Boone Jenner wins face-off versus Joe Pavelski in neutral zone.
18:29 of 3rd period - Shot by Jordan Eberle.
18:29 of 3rd period - Shot Blocked by Adam Larsson.
18:39 of 3rd period - Shot by Jordan Eberle.
18:39 of 3rd period - Stopped by Robin Lehner without a rebound.
18:40 of 3rd period - John Tavares wins face-off versus Derek Ryan in Avalanches zone.
18:43 of 3rd period - Shot by Tomas Tatar.
18:43 of 3rd period - Stopped by Robin Lehner without a rebound.
18:44 of 3rd period - John Tavares wins face-off versus Derek Ryan in Avalanches zone.
18:44 of 3rd period - Tomas Tatar is hit by Robert Hagg and loses puck.
19:07 of 3rd period - Oilers, Connor Hellebuyck is pulled from the net.
19:08 of 3rd period - John Tavares is hit by Robert Hagg and loses puck.
19:27 of 3rd period - Tomas Tatar is hit by Ryan Donato and loses puck.
Goals for this period are 2 for Avalanches vs 1 for Oilers.
Shots for this period are 19 for Avalanches vs 9 for Oilers.